 Dungeon Crawl Stone Soup version 0.31.0-12-g77e489cdc1 (webtiles) character file.

Game seed: 12104484622247723468

144 ilwentz the Slasher (level 5, 0/39 HPs)
             Began as a Demonspawn Reaver on Mar 1, 2024.
             Slain by Crazy Yiuf
             ... wielding a +4 quarterstaff of chaos
              (2 damage)
             ... on level 3 of the Dungeon.
             The game lasted 00:29:52 (1904 turns).

ilwentz the Slasher (Demonspawn Reaver)             Turns: 1904, Time: 00:29:52

Health: 0/39       AC:  3    Str: 12    XL:     5   Next: 5%
Magic:  9/9        EV: 12    Int: 16    God:
Gold:   103        SH:  0    Dex: 11    Spells: 6/9 levels left

rFire   . . .        a - +0 falchion
rCold   . . .        (no shield)
rNeg    . . .        b - +0 leather armour
rPois   .            (no helmet)
rElec   .            (no cloak)
rCorr   .            (no gloves)
SInv    .            (no boots)
Will    .....        (no amulet)
Stlth   +            d - +4 ring of protection
HPRegen 0.26/turn    e - +4 ring of slaying
MPRegen 0.11/turn

%: no passive effects
@: corroded
A: sturdy frame 1, weakness stinger 2
a: no special abilities


You were on level 3 of the Dungeon.
You visited 1 branch of the dungeon, and saw 3 of its levels.

You collected 103 gold pieces.

Inventory:

Hand Weapons
 a - a +0 falchion (weapon)
 c - a +0 sling
Missiles
 i - 11 stones
 t - 3 atropa-tipped darts
 w - 5 boomerangs (quivered)
Armour
 b - a +0 leather armour (worn)
 p - a +0 kite shield
Jewellery
 d - a +4 ring of protection (left hand)
 e - a +4 ring of slaying (right hand)
 x - a ring of wizardry
Talismans
 q - a beast talisman
Wands
 s - a wand of mindburst (3)
Scrolls
 g - 3 scrolls of identify {unknown}
 k - 2 scrolls of immolation {unknown}
 l - 2 scrolls of fear {unknown}
 n - a scroll of poison {unknown}
 o - a scroll of revelation {unknown}
Potions
 f - a potion of cancellation {unknown}
 h - a potion of brilliance {unknown}
 j - 2 potions of might {unknown}
 m - a potion of curing
 r - a potion of heal wounds {unknown}
 u - a potion of invisibility {unknown}
 v - a potion of attraction {unknown}


   Skills:
 + Level 2.7 Fighting
 * Level 4.3 Long Blades
 - Level 1.8 Dodging
 + Level 0.7 Shields
 * Level 2.7 Spellcasting
 - Level 3.0 Conjurations


You had 6 spell levels left.
You knew the following spells:

 Your Spells              Type           Power      Damage    Failure   Level
a - Kiss of Death         Conj/Necr      28%        2d7       11%         1
b - Momentum Strike       Conj/Tloc      14%        3d8       16%         2

Your spell library contained the following spells:

 Spells                   Type           Power      Damage    Failure   Level
 Blink                    Tloc           4%         N/A       30%         2
 Lesser Beckoning         Tloc           4%         N/A       30%         2
 Hailstorm                Conj/Ice       7%         3d5       32%         3
 Confusing Touch          Hex            2%         N/A       52%         3
 Dispel Undead            Necr           2%         3d7       89%         4


Dungeon Overview and Level Annotations

Branches:
Dungeon (3/15)

Altars:
Fedhas
Makhleb
Okawaru
Qazlal
Vehumet

Shops:
D:3 *

Annotations:
D:3 Crazy Yiuf


Innate Abilities, Weirdness & Mutations

Your movements are slightly less encumbered by armour. (ER -2)
You have a tail ending in a sharp stinger.


Message History

Things that are here:
a +0 war axe; a +0 robe
Okay, then.
Casting: Momentum Strike (safe; 16% risk of failure)
Confirm with . or Enter, or press ? or * to list all spells.
Okay, then.
You start putting on your armour.
You continue putting on your +0 kite shield. x4
You finish putting on your +0 kite shield.
Casting: Momentum Strike (quite dangerous; 58% risk of failure)
Confirm with . or Enter, or press ? or * to list all spells.
Okay, then.
You start removing your armour.
You continue taking off your +0 kite shield. x4
You finish taking off your +0 kite shield.
Magic restored.
You now have 103 gold pieces (gained 4).
Found a hammer.
Found a runed translucent door.
Crazy Yiuf shouts!
You open the door. You barely miss Crazy Yiuf.
Your tail-slap misses Crazy Yiuf.
Crazy Yiuf hits you with a +4 quarterstaff of chaos!
You suddenly lose the ability to move!
You can move again.
You barely miss Crazy Yiuf.
Crazy Yiuf hits you with a +4 quarterstaff of chaos.
You are electrocuted!
You closely miss Crazy Yiuf.
Your tail-slap misses Crazy Yiuf.
Crazy Yiuf hits you with a +4 quarterstaff of chaos!
* * * LOW HITPOINT WARNING * * *
You are lethally poisoned!
It was a potion of curing.
You feel better.
Crazy Yiuf hits you with a +4 quarterstaff of chaos!
* * * LOW HITPOINT WARNING * * *
The acid corrodes you!
You feel better.
Crazy Yiuf hits you with a +4 quarterstaff of chaos!
* * * LOW HITPOINT WARNING * * *
Crazy Yiuf freezes you.
You die...

..#
#####..##
#....#
♣....♣
♣...♣♣
♣♣.♣♣
♣.♣♣ ♣♣.♣
♣.♣♣ ♣♣@♣
#..## #g#
..... ...
#####
#...#
#..)#


oooo. ##### ##### You could see Crazy Yiuf.

Vanquished Creatures
  An orc priest (D:3)
  Jessica (D:3)
  2 adders
  A dart slug (D:1)
  2 ribbon worms (D:2)
  4 orcs (D:3)
  6 ball pythons
  4 bats
  2 endoplasms
  4 giant cockroaches
  4 goblins
  5 hobgoblins
  4 quokkas
  2 frilled lizards
  10 kobolds
  7 rats
59 creatures vanquished.

Notes
Turn   | Place    | Note
-------+----------+-------------------------------------------
     0 | D:1      | ilwentz the Demonspawn Reaver began the quest for the Orb.
     0 | D:1      | Reached XP level 1. HP: 16/16 MP: 3/3
   182 | D:1      | Reached skill level 3 in Long Blades
   198 | D:1      | Gained mutation: You have a small tail. [demonic ancestry]
   198 | D:1      | Reached XP level 2. HP: 21/21 MP: 5/5
   283 | D:1      | Learned a level 2 spell: Momentum Strike
   489 | D:1      | Gained mutation: You have a tail ending in a sharp stinger.
                  | [demonic ancestry]
   489 | D:1      | Reached XP level 3. HP: 26/27 MP: 6/6
   874 | D:2      | Reached skill level 4 in Long Blades
  1158 | D:2      | Found a burning altar of Makhleb.
  1285 | D:3      | Found a stormy altar of Qazlal.
  1285 | D:3      | Found a blossoming altar of Fedhas.
  1287 | D:3      | Found an iron altar of Okawaru.
  1450 | D:3      | Found a radiant altar of Vehumet.
  1496 | D:3      | Reached XP level 4. HP: 34/34 MP: 7/7
  1778 | D:3      | Noticed Jessica
  1792 | D:3      | Found Guelyiso's General Store.
  1836 | D:3      | Killed Jessica
  1837 | D:3      | Gained mutation: Your movements are slightly less
                  | encumbered by armour. (ER -2) [demonic ancestry]
  1837 | D:3      | Reached XP level 5. HP: 39/39 MP: 7/9
  1888 | D:3      | Found a runed translucent door.
  1889 | D:3      | Noticed Crazy Yiuf
  1900 | D:3      | Paralysed by Crazy Yiuf for 1 turns
  1904 | D:3      | Slain by Crazy Yiuf

Illustrated notes

Levels and vault maps discovered:
D:1:      mainiacjoe_arrival_reflecting_pool, layout_basic
D:2:      layout_basic, basic_altar, kennysheep_generic_room_10
D:3:      layout_loops_ring, grunt_temple_overflow_open,
          mainiacjoe_overflow_brackets, serial_shops, shop,
          gammafunk_ghost_necromancy, grunt_decor_mini_mirrors,
          kennysheep_nondescript, uniq_crazy_yiuf_cottage, uniq_jessica

Skill      XL: |  1  2  3 |
---------------+----------+-----
Long Blades    | 3 4 |  4.3
Fighting       | |  2.7
Dodging        | |  1.8
Shields        | |  0.7
Spellcasting   | |  2.7
Conjurations   | |  3.0

Action                     |  1- 3 |  4- 6 || total
---------------------------+-------+-------++-------
  Melee: Falchion          |   105 |    24 ||   129
         Tailslap          |    10 |     3 ||    13
  Throw: Boomerang         |       |     1 ||     1
   Cast: Kiss of Death     |     1 |       ||     1
    Use: Potion            |       |     2 ||     2
 Armour: Leather armour    |    64 |    21 ||    85
  Dodge: Dodged            |    53 |    15 ||    68
  Block: Kite shield       |     9 |       ||     9
